NCAA
TEXAS A&M AGGIES @ IOWA HAWKEYES
05/11/2027
 
TOP OF THE 1ST
Texas A&M Aggies batting - Pitching for Iowa Hawkeyes : RHP Denny Griffin
Pitching: RHP Denny Griffin
Batting: RHB Irwin Robinson 0-0: Called Strike
0-1: Called Strike
0-2: Foul Ball, location: 2F
0-2: Strikes out looking
Batting: RHB Júlio Hobbs 0-0: Foul Ball, location: 2F
0-1: Foul Ball, location: 2F
0-2: Ball
1-2: Strikes out looking
Batting: RHB Kevin Wilson 0-0: Called Strike
0-1: Foul Ball, location: 2F
0-2: Foul Ball, location: 2F
0-2: Ball
1-2: Foul Ball, location: 2F
1-2: Ball
2-2: Strikes out looking
Top of the 1st over - 0 run(s), 0 hit(s), 0 error(s), 0 left on base; Texas A&M 0 - Iowa 0
BOTTOM OF THE 1ST
Iowa Hawkeyes batting - Pitching for Texas A&M Aggies : RHP Pedro Alvarado
Pitching: RHP Pedro Alvarado
Batting: RHB Rick Suárez 0-0: Foul Ball, location: 2F
0-1: Foul Ball, location: 2F
0-2: Ball
1-2: SINGLE (Line Drive, 5L)
Batting: RHB Mike Russell 0-0: Called Strike
0-1: Grounds into double play, 5-4-3 (Groundball, 56)
Batting: RHB Kelsey Scott 0-0: Foul Ball, location: 2F
0-1: Called Strike
0-2: Fly out, F9 (Flyball, 9LS)
Bottom of the 1st over - 0 run(s), 1 hit(s), 0 error(s), 0 left on base; Texas A&M 0 - Iowa 0
TOP OF THE 2ND
Texas A&M Aggies batting - Pitching for Iowa Hawkeyes : RHP Denny Griffin
Batting: LHB Edward Bennett 0-0: Ball
1-0: SOLO HOME RUN (Flyball, 9LD), Distance : 315 ft
Batting: RHB Brandon Townsley 0-0: Foul Ball, location: 2F
0-1: Ball
1-1: Ground out 5-3 (Groundball, 56)
Batting: RHB James Richardson 0-0: Called Strike
0-1: Ball
1-1: Called Strike
1-2: Strikes out swinging, 2-3 out at first.
Batting: LHB Steve Hoffman 0-0: Called Strike
0-1: Ball
1-1: Foul Ball, location: 2F
1-2: Strikes out swinging
Top of the 2nd over - 1 run(s), 1 hit(s), 0 error(s), 0 left on base; Texas A&M 1 - Iowa 0
BOTTOM OF THE 2ND
Iowa Hawkeyes batting - Pitching for Texas A&M Aggies : RHP Pedro Alvarado
Batting: RHB Juan Escalante 0-0: Ball
1-0: Ball
2-0: Ball
3-0: Foul Ball, location: 2F
3-1: Swinging Strike
3-2: Foul Ball, location: 2F
3-2: Base on Balls
Batting: RHB Jim Jones 0-0: Called Strike
0-1: Ball
1-1: Foul Ball, location: 2F
1-2: 2-RUN HOME RUN (Flyball, 78XD), Distance : 365 ft
Batting: RHB Ed Nygaard 0-0: Ball
1-0: Foul Ball, location: 2F
1-1: Ball
2-1: Fly out, F3 (Popup, 3S)
Batting: RHB Stephen Spence 0-0: Ball
1-0: Called Strike
1-1: Foul Ball, location: 2F
1-2: Strikes out swinging
Batting: RHB Miguel López 0-0: Swinging Strike
0-1: Ball
1-1: Ball
2-1: Foul Ball, location: 2F
2-2: Foul Ball, location: 2F
2-2: Ground out 6-3 (Groundball, 6)
Bottom of the 2nd over - 2 run(s), 1 hit(s), 0 error(s), 0 left on base; Texas A&M 1 - Iowa 2
TOP OF THE 3RD
Texas A&M Aggies batting - Pitching for Iowa Hawkeyes : RHP Denny Griffin
Batting: RHB Jason Lawson 0-0: Ball
1-0: Foul Ball, location: 2F
1-1: Swinging Strike
1-2: Strikes out looking
Batting: RHB Paul Stewart 0-0: Ball
1-0: Foul Ball, location: 2F
1-1: Foul Ball, location: 2F
1-2: Ball
2-2: Foul Ball, location: 2F
2-2: Strikes out looking
Batting: RHB Irwin Robinson 0-0: Foul Ball, location: 2F
0-1: Ball
1-1: Ball
2-1: Ball
3-1: SOLO HOME RUN (Flyball, 7LD), Distance : 326 ft
Batting: RHB Júlio Hobbs 0-0: Called Strike
0-1: Ball
1-1: Fly out, F9 (Flyball, 9LMF)
Top of the 3rd over - 1 run(s), 1 hit(s), 0 error(s), 0 left on base; Texas A&M 2 - Iowa 2
BOTTOM OF THE 3RD
Iowa Hawkeyes batting - Pitching for Texas A&M Aggies : RHP Pedro Alvarado
Batting: RHB Jim Sharry 0-0: Ball
1-0: Called Strike
1-1: Ball
2-1: Ball
3-1: Fly out, F9 (Flyball, 9S)
Batting: RHB Rick Suárez 0-0: Ball
1-0: Swinging Strike
1-1: Called Strike
1-2: Fly out, F3 (Flyball, 3DF)
Batting: RHB Mike Russell 0-0: Swinging Strike
0-1: Ball
1-1: Called Strike
1-2: Ball
2-2: Strikes out looking and he ARGUES THE CALL AND IS TOSSED!
Bottom of the 3rd over - 0 run(s), 0 hit(s), 0 error(s), 0 left on base; Texas A&M 2 - Iowa 2
TOP OF THE 4TH
Texas A&M Aggies batting - Pitching for Iowa Hawkeyes : RHP Denny Griffin
Batting: RHB Kevin Wilson 0-0: Swinging Strike
0-1: Foul Ball, location: 2F
0-2: Foul Ball, location: 2F
0-2: Ball
1-2: Ball
2-2: Fly out, F8 (Flyball, 8LM)
Batting: LHB Edward Bennett 0-0: Called Strike
0-1: SINGLE (Groundball, 4MD)
Batting: RHB Brandon Townsley 0-0: SINGLE (Groundball, 4M) (infield hit)
Edward Bennett to second
Batting: RHB James Richardson 0-0: Called Strike
0-1: Called Strike
0-2: Strikes out swinging
Batting: LHB Steve Hoffman 0-0: Called Strike
0-1: Ball
1-1: Foul Ball, location: 2F
1-2: Foul Ball, location: 2F
1-2: Ball
2-2: Ball
3-2: Base on Balls
Edward Bennett to third
Brandon Townsley to second
Batting: RHB Jason Lawson 0-0: Foul Ball, location: 2F
0-1: SINGLE (Groundball, 6MD)
Edward Bennett scores
Brandon Townsley to third
Steve Hoffman to second
Runner from 3rd tries for Home, SAFE, throw made at trailing runner, OUT at third!
Top of the 4th over - 2 run(s), 3 hit(s), 0 error(s), 1 left on base; Texas A&M 4 - Iowa 2
BOTTOM OF THE 4TH
Iowa Hawkeyes batting - Pitching for Texas A&M Aggies : RHP Pedro Alvarado
Batting: RHB Kelsey Scott 0-0: SINGLE (Flyball, 89S)
Batting: RHB Juan Escalante Pickoff Throw to First - Out!
0-0: SINGLE (Flyball, 9S)
Batting: RHB Jim Jones 0-0: Called Strike
0-1: Called Strike
0-2: Foul Ball, location: 2F
Pickoff Throw to First - Out!
0-2: Ground out 6-3 (Groundball, 56)
Bottom of the 4th over - 0 run(s), 2 hit(s), 0 error(s), 0 left on base; Texas A&M 4 - Iowa 2
TOP OF THE 5TH
Texas A&M Aggies batting - Pitching for Iowa Hawkeyes : RHP Denny Griffin
Batting: RHB Paul Stewart 0-0: Ball
1-0: Reached on error, E5 (Groundball, 56)
Batting: RHB Irwin Robinson 0-0: SINGLE (Groundball, 56D)
Paul Stewart to second
Batting: RHB Júlio Hobbs 0-0: Swinging Strike
0-1: Foul Ball, location: 2F
0-2: Strikes out looking
Batting: RHB Kevin Wilson 0-0: Foul Ball, location: 2F
0-1: Foul Ball, location: 2F
0-2: Ball
1-2: Hit by Pitch
Paul Stewart to third
Irwin Robinson to second
Batting: LHB Edward Bennett 0-0: Ball
1-0: Ball
2-0: Ball
3-0: Called Strike
3-1: Foul Ball, location: 2F
3-2: GRAND SLAM HOME RUN (Flyball, 8RXD), Distance : 392 ft
Pitching: LHP Peter Connolly
Batting: RHB Brandon Townsley 0-0: Ball
1-0: Called Strike
1-1: Swinging Strike
1-2: Strikes out swinging
Batting: RHB James Richardson 0-0: Ball
1-0: Swinging Strike
1-1: Foul Ball, location: 2F
1-2: Foul Ball, location: 2F
1-2: Strikes out swinging
Top of the 5th over - 4 run(s), 2 hit(s), 1 error(s), 0 left on base; Texas A&M 8 - Iowa 2
BOTTOM OF THE 5TH
Iowa Hawkeyes batting - Pitching for Texas A&M Aggies : RHP Pedro Alvarado
Batting: RHB Ed Nygaard 0-0: SINGLE (Groundball, 6MD)
Batting: RHB Stephen Spence 0-0: Ball
1-0: Ball
2-0: Ball
3-0: Base on Balls
Ed Nygaard to second
Batting: RHB Miguel López 0-0: Ball
1-0: Called Strike
1-1: Ball
2-1: SINGLE (Groundball, 6MD)
Ed Nygaard to third
Stephen Spence to second
Runner from 3rd tries for Home, SAFE, throw made home
Stephen Spence to third
Miguel López to second
Batting: RHB Jim Sharry 0-0: Ball
1-0: Foul Ball, location: 2F
1-1: Swinging Strike
1-2: Ball
2-2: Foul Ball, location: 2F
2-2: Ground out 6-3 (Groundball, 6)
Stephen Spence scores
Miguel López to third
Batting: RHB Rick Suárez 0-0: DOUBLE (Line Drive, 7LM)
Miguel López scores
Pitching: RHP Steve Drake
Batting: RHB Cory Thompson 0-0: Called Strike
0-1: Swinging Strike
0-2: Ground out 6-3 (Groundball, 6)
Batting: RHB Kelsey Scott 0-0: Ball
1-0: Called Strike
1-1: Ball
2-1: Ball
3-1: Called Strike
3-2: Foul Ball, location: 2F
3-2: Fly out, F3 (Flyball, 3D)
Bottom of the 5th over - 3 run(s), 3 hit(s), 0 error(s), 1 left on base; Texas A&M 8 - Iowa 5
TOP OF THE 6TH
Texas A&M Aggies batting - Pitching for Iowa Hawkeyes : LHP Peter Connolly
Batting: LHB Steve Hoffman 0-0: Ball
1-0: Fly out, F6 (Line Drive, 6)
Batting: RHB Jason Lawson 0-0: Called Strike
0-1: Foul Ball, location: 2F
0-2: Ball
1-2: Strikes out looking
Batting: RHB Paul Stewart 0-0: Ball
1-0: Swinging Strike
1-1: Ground out 6-3 (Groundball, 6)
Top of the 6th over - 0 run(s), 0 hit(s), 0 error(s), 0 left on base; Texas A&M 8 - Iowa 5
BOTTOM OF THE 6TH
Iowa Hawkeyes batting - Pitching for Texas A&M Aggies : RHP Steve Drake
Batting: RHB Juan Escalante 0-0: Ball
1-0: Ball
2-0: Ball
3-0: Base on Balls
Batting: RHB Jim Jones 0-0: Ground out 4-3 (Groundball, 4S)
Juan Escalante to second
Batting: RHB Ed Nygaard 0-0: Ball
1-0: Called Strike
1-1: Foul Ball, location: 2F
1-2: Strikes out swinging
Batting: RHB Stephen Spence 0-0: Fly out, F9 (Flyball, 9LSF)
Bottom of the 6th over - 0 run(s), 0 hit(s), 0 error(s), 1 left on base; Texas A&M 8 - Iowa 5
TOP OF THE 7TH
Texas A&M Aggies batting - Pitching for Iowa Hawkeyes : LHP Peter Connolly
Batting: RHB Irwin Robinson 0-0: Ball
1-0: Foul Ball, location: 2F
1-1: Ball
2-1: Foul Ball, location: 2F
2-2: Ball
3-2: Base on Balls
Batting: RHB Júlio Hobbs 0-0: Ball
1-0: Ball
2-0: Ball
3-0: Called Strike
3-1: SINGLE (Line Drive, 9)
Irwin Robinson to second
Batting: RHB Kevin Wilson 0-0: Fly out, F9 (Flyball, 9LMF)
Batting: LHB Edward Bennett 0-0: Ball
1-0: Called Strike
1-1: Ball
2-1: Ball
3-1: Base on Balls
Irwin Robinson to third
Júlio Hobbs to second
Batting: RHB Brandon Townsley 0-0: Ball
1-0: Foul Ball, location: 2F
1-1: Ball
2-1: Ball
3-1: Foul Ball, location: 2F
3-2: Base on Balls
Irwin Robinson scores
Júlio Hobbs to third
Edward Bennett to second
Batting: RHB James Richardson 0-0: Foul Ball, location: 2F
0-1: Fly out, F7 (Flyball, 7)
Throwing error, E7
Júlio Hobbs scores
Edward Bennett to third
Brandon Townsley to second
Pitching: RHP Pedro Castillo
Batting: LHB Steve Hoffman 0-0: Called Strike
0-1: Called Strike
0-2: Foul Ball, location: 2F
0-2: Ball
1-2: Ball
2-2: Strikes out swinging
Top of the 7th over - 2 run(s), 1 hit(s), 1 error(s), 2 left on base; Texas A&M 10 - Iowa 5
BOTTOM OF THE 7TH
Iowa Hawkeyes batting - Pitching for Texas A&M Aggies : RHP Steve Drake
Batting: RHB Miguel López 0-0: Ball
1-0: SINGLE (Groundball, 56D)
Batting: RHB Jim Sharry 0-0: Ball
1-0: Ball
2-0: Called Strike
2-1: Ball
3-1: Called Strike
3-2: Strikes out swinging
Batting: RHB Rick Suárez 0-0: Ball
1-0: Reached on error, E6 (Groundball, 6)
Miguel López to second
Batting: RHB Cory Thompson 0-0: Ball
1-0: Ball
2-0: Called Strike
2-1: Foul Ball, location: 2F
2-2: Strikes out swinging
Batting: RHB Kelsey Scott 0-0: Swinging Strike
0-1: Foul Ball, location: 2F
0-2: Ball
1-2: Ball
2-2: Foul Ball, location: 2F
2-2: SINGLE (Groundball, 56D)
Miguel López to third
Rick Suárez to second
Runner from 3rd tries for Home, SAFE, no throw
Batting: RHB Juan Escalante 0-0: Called Strike
0-1: Swinging Strike
0-2: Foul Ball, location: 2F
0-2: Ball
1-2: Foul Ball, location: 2F
1-2: Foul Ball, location: 2F
1-2: Ball
2-2: Foul Ball, location: 2F
2-2: Ball
3-2: Strikes out swinging
Bottom of the 7th over - 1 run(s), 2 hit(s), 1 error(s), 2 left on base; Texas A&M 10 - Iowa 6
TOP OF THE 8TH
Texas A&M Aggies batting - Pitching for Iowa Hawkeyes : RHP Pedro Castillo
Batting: RHB Jason Lawson 0-0: Called Strike
0-1: Foul Ball, location: 2F
0-2: Strikes out swinging
Batting: RHB Paul Stewart 0-0: Foul Ball, location: 2F
0-1: Swinging Strike
0-2: Ball
1-2: Ball
2-2: Foul Ball, location: 2F
2-2: Reached on error, E4 (Groundball, 4)
Batting: RHB Irwin Robinson 0-0: Swinging Strike
0-1: Swinging Strike
0-2: Strikes out swinging
Batting: RHB Júlio Hobbs 0-0: Swinging Strike
0-1: Ball
Paul Stewart is caught stealing 2nd base
Top of the 8th over - 0 run(s), 0 hit(s), 1 error(s), 0 left on base; Texas A&M 10 - Iowa 6
BOTTOM OF THE 8TH
Iowa Hawkeyes batting - Pitching for Texas A&M Aggies : RHP Steve Drake
Pitching: RHP Thomas Adams
Batting: RHB Jim Jones 0-0: Called Strike
0-1: Ball
1-1: Hit by Pitch
Batting: RHB Ed Nygaard 0-0: SINGLE (Line Drive, 6)
Jim Jones to second
Batting: RHB Stephen Spence 0-0: Called Strike
0-1: Ball
1-1: Called Strike
1-2: Reached on error, E5 (Groundball, 56)
Jim Jones to third
Ed Nygaard to second
Batting: RHB Miguel López 0-0: Foul Ball, location: 2F
0-1: Ball
1-1: Ball
2-1: Ball
3-1: Foul Ball, location: 2F
3-2: Base on Balls
Jim Jones scores
Ed Nygaard to third
Stephen Spence to second
Batting: RHB Jim Sharry 0-0: Ball
1-0: Ball
2-0: Ball
3-0: Base on Balls
Ed Nygaard scores
Stephen Spence to third
Miguel López to second
Pitching: RHP Mike Cartwright
Batting: RHB Rick Suárez 0-0: Swinging Strike
0-1: Grounds into double play, 6-4-3 (Groundball, 6)
Stephen Spence scores
Miguel López to third
Batting: RHB Cory Thompson 0-0: Swinging Strike
0-1: Ball
1-1: Swinging Strike
1-2: Strikes out looking
Bottom of the 8th over - 3 run(s), 1 hit(s), 1 error(s), 1 left on base; Texas A&M 10 - Iowa 9
TOP OF THE 9TH
Texas A&M Aggies batting - Pitching for Iowa Hawkeyes : RHP Pedro Castillo
Pitching: RHP Ryan Berry
Batting: RHB Júlio Hobbs 0-0: Ball
1-0: Ball
2-0: Ball
3-0: Called Strike
3-1: Fly out, F8 (Flyball, 78M)
Batting: RHB Kevin Wilson 0-0: Ball
1-0: Ball
2-0: Ball
3-0: Called Strike
3-1: Swinging Strike
3-2: SOLO HOME RUN (Flyball, 7D), Distance : 370 ft
Batting: LHB Edward Bennett 0-0: Ball
1-0: Ball
2-0: Foul Ball, location: 2F
2-1: Foul Ball, location: 2F
2-2: Ball
3-2: Base on Balls
Batting: RHB Brandon Townsley 0-0: Called Strike
0-1: SINGLE (Groundball, 6S) (infield hit)
Edward Bennett to second
Batting: RHB James Richardson 0-0: Ball
1-0: Ball
2-0: Ball
3-0: Base on Balls
Edward Bennett to third
Brandon Townsley to second
Pinch Hitting: RHB William Dyer 0-0: Ball
1-0: Ball
2-0: Ball
3-0: Called Strike
3-1: Base on Balls
Edward Bennett scores
Brandon Townsley to third
James Richardson to second
Pitching: RHP Dennis Montés
Batting: RHB Jason Lawson 0-0: Called Strike
0-1: Ball
1-1: SINGLE (Line Drive, 8LM)
Brandon Townsley scores
James Richardson to third
William Dyer to second
Batting: RHB Paul Stewart 0-0: Ball
1-0: Ground out 6-3 (Groundball, 6MS)
James Richardson scores
William Dyer to third
Jason Lawson to second
Batting: RHB Irwin Robinson 0-0: Foul Ball, location: 2F
0-1: Fly out, F3 (Popup, 3S)
Top of the 9th over - 4 run(s), 3 hit(s), 0 error(s), 2 left on base; Texas A&M 14 - Iowa 9
BOTTOM OF THE 9TH
Iowa Hawkeyes batting - Pitching for Texas A&M Aggies : RHP Mike Cartwright
Now at C: William Dyer
Now in RF: George Wells
Batting: RHB Kelsey Scott 0-0: Called Strike
0-1: Ball
1-1: SINGLE (Groundball, 56D)
Batting: RHB Juan Escalante 0-0: Ball
1-0: Ball
2-0: Ball
3-0: Called Strike
3-1: Base on Balls
Kelsey Scott to second
Batting: RHB Jim Jones 0-0: Called Strike
0-1: Swinging Strike
0-2: DOUBLE (Flyball, 89D)
Kelsey Scott scores
Juan Escalante to third
Pitching: RHP Ed Fletcher
Batting: RHB Ed Nygaard 0-0: Swinging Strike
0-1: Swinging Strike
0-2: Strikes out swinging
Batting: RHB Stephen Spence 0-0: Called Strike
0-1: Ball
1-1: Foul Ball, location: 2F
1-2: Strikes out swinging
Batting: RHB Miguel López 0-0: Fly out, F8 (Flyball, 8RM)
Bottom of the 9th over - 1 run(s), 2 hit(s), 0 error(s), 2 left on base; Texas A&M 14 - Iowa 10
Thursday, March 30th, 2017 - OOTP Baseball 17.12 Build 75